 Dungeon Sprint DCSS version 0.23.1 (webtiles) character file.

Game seed: 4357494237599159863

5077 sanboga the Severer (level 10, -6/73 HPs)
             Began as a Gargoyle Berserker on Mar 8, 2019.
             Was a High Priest of Trog.
             Killed from afar by Roxanne (10 damage)
             ... with an orb of energy
             ... in the Dungeon (Sprint II: "The Violet Keep of Menkaure").
             The game lasted 00:05:33 (1390 turns).

sanboga the Severer (Gargoyle Berserker)            Turns: 1390, Time: 00:05:33

Health: -6/73      AC: 29    Str: 25 (26) XL:     10   Next: 56%
Magic:  19/19      EV:  9    Int: 10 (12) God:    Trog [*****.]
Gold:   582        SH:  0    Dex:  9      Spells: 9/9 levels left

rFire    . . .     SeeInvis .   a - +1 hand axe
rCold    + + .     Gourm    .   (no shield)
rNeg     + + +     Faith    .   m - +3 chain mail
rPois    ∞         Spirit   .   (no helmet)
rElec    +         Reflect  .   k - +0 cloak of the Lotus Blossom {rN++ MR- Regen+ MP+9}
rCorr    .         Harm     .   n - +2 pair of gloves {Str+3}
MR       .....     NoTele   +   l - +0 pair of boots "Pebb" {-Tele rPois rC++ Int+3}
Stlth    ..........             (no amulet)
HPRegen  0.62/turn              (no ring)
MPRegen  0.16/turn              (no ring)

@: berserk cooldown, slowed, very slow
A: deterioration 2, negative energy resistance 1, electricity resistance,
unbreathing, petrification resistance, rot immunity, AC +7
a: Berserk, Trog's Hand, Brothers in Arms, Renounce Religion


You were in the Dungeon.
You worshipped Trog.
Trog was extremely pleased with you.
You were hungry.

You visited 1 branch You collected 1400 gold pieces.
You spent 818 gold pieces at shops.

Inventory:

Hand Weapons
 a - a +1 hand axe (weapon)
Armour
 k - the +0 cloak of the Lotus Blossom (worn) {rN++ MR- Regen+ MP+9}
   (You bought it in a shop in the Dungeon)

   It greatly protects you from negative energy.
   It affects your resistance to hostile enchantments.
   It affects your magic capacity (+9).
   It increases your rate of regeneration.
 l - the +0 pair of boots "Pebb" (worn) {-Tele rPois rC++ Int+3}
   (You bought it in a shop in the Dungeon)

   It affects your intelligence (+3).
   It greatly protects you from cold.
   It protects you from poison.
   It prevents most forms of teleportation.
 m - a +3 chain mail (worn)
 n - a +2 pair of gloves of strength (worn)
Scrolls
 b - a scroll of remove curse
 i - a scroll of blinking
Potions
 d - 2 potions of curing
 e - a potion of heal wounds
 f - a potion of haste
 j - 3 potions of resistance
 t - 3 potions of flight
 v - a potion of ambrosia
Comestibles
 c - 5 rations
 g - 3 chunks of flesh


   Skills:
 + Level 13.5 Fighting
 * Level 15.5 Axes
 + Level 13.3 Armour
 - Level 1.5 Dodging


You had 9 spell levels left.
You didn't know any spells.
Your spell library was empty.

Dungeon Overview and Level Annotations

Branches:
Dungeon (1/1)

Altars:
Cheibriados
Dithmenos
Elyvilon
Fedhas
Gozag
Hepliaklqana
Kikubaaqudgha
Makhleb
Nemelex Xobeh
Okawaru
Qazlal
Ru
Sif Muna
Trog
Uskayaw
Vehumet
Wu Jian
Xom
Yredelemnul
Zin
The Shining One
Beogh
Jiyva
Lugonu

Shops:
D :=!*?[}[:[!!(%=%

Annotations:
D exclusion: oklob plant, Roxanne


Innate Abilities, Weirdness & Mutations

You are resistant to torment.
Your stone body is resilient. (AC +7)
You are immune to poison.
You resist negative energy. (rN+)
You are resistant to electric shocks. (rElec)
You can survive without breathing.
You are immune to petrification.
You are immune to rotting.
Your body often deteriorates upon taking damage.


Message History

Roxanne is lightly damaged.
Your unstable footing causes you to fumble your attack.
You hit Roxanne.
Roxanne is lightly damaged.
You are no longer berserk.
You are exhausted.
You feel yourself slow down.
Your unstable footing causes you to fumble your attack.
You slash Roxanne!
Roxanne is moderately damaged.
Roxanne casts a spell.
The crystal spear hits you!
* * * LOW HITPOINT WARNING * * *
You cannot blink because you are wearing the +0 pair of boots "Pebb" {-Tele rPois rC++ Int+3}.
Roxanne mumbles some strange words.
The iron shot hits you!
* * * LOW HITPOINT WARNING * * *
Roxanne mumbles some strange words.
The orb of energy hits you!
You die...

,#+++#+++#§§≈§≈≈≈≈≈#._._._._#§§≈§
**≈§≈≈§§≈##≈≈§###≈≈#_._._._.#†§≈≈
*≈≈≈§§§≈≈≈##§≈#,#≈≈#._._._._#§§§§
§≈≈§≈8§§§≈§+§≈#+#≈§#_._._...#§§§§
#≈≈≈≈§≈§§≈##≈≈≈≈≈§≈##########≈≈≈≈
##§≈§§≈≈§###########≈≈≈≈≈≈≈≈≈≈§≈≈
∩####+####≈§§§≈§.###≈########≈▓▓▓
,,,,***##§§§§§§§≈§##≈#,,,,,,#▓▓≈≈
,,,,,,,+≈§§§§8§§@≈≈'≈#,,,,,,**≈≈≈
******,##.§§§§§§§§####,,,,,,+≈≈≈≈
,,,,,*,,##§§§§§§≈##***,,,,,,**≈≈≈
******,,,#########,,,,,,,,,,***≈≈
,,,,,,,,,+,+33,+,+,,,,,,,,,,* ***
***********###***************


You could see Roxanne and 2 sixfirhies.

Vanquished Creatures
  A kraken (D)
  2 deep trolls (D)
  A merfolk siren (D)
  A yaktaur (D)
  3 polar bears (D)
  A hornet (D)
  A vampire mosquito (D)
  4 neqoxecs (D)
  Menkaure (D)
  3 crocodiles (D)
  4 worker ants (D)
  3 worms (D)
  3 tentacles (D)
28 creatures vanquished.

Vanquished Creatures (others)
  A crocodile (D)
  15 tentacles (D)
16 creatures vanquished.

Grand Total: 44 creatures vanquished

Notes
Turn   | Place    | Note
-------+----------+-------------------------------------------
     0 | D        | sanboga the Gargoyle Berserker began the quest for the Orb.
     0 | D        | Reached XP level 1. HP: 14/14 MP: 1/1
     1 | D        | Noticed a merfolk siren
    11 | D        | Killed a merfolk siren
    11 | D        | Reached skill level 9 in Axes
    11 | D        | Reached XP level 2. HP: 11/25 MP: 2/2
    11 | D        | Reached XP level 3. HP: 13/29 MP: 3/3
    11 | D        | Reached XP level 4. HP: 16/35 MP: 4/4
    11 | D        | Reached XP level 5. HP: 18/39 MP: 5/5
    11 | D        | Reached XP level 6. HP: 20/44 MP: 6/6
   219 | D        | Noticed a neqoxec
   219 | D        | Noticed a neqoxec
   219 | D        | Noticed a neqoxec
   219 | D        | Noticed a neqoxec
   222 | D        | Killed a neqoxec
   222 | D        | Reached ** piety under Trog
   222 | D        | Reached XP level 7. HP: 50/50 MP: 7/7
   226 | D        | Gained mutation: Your body sometimes deteriorates upon
                  | taking damage. [a neqoxec]
   234 | D        | Killed a neqoxec
   234 | D        | Reached skill level 10 in Axes
   234 | D        | Killed a neqoxec
   234 | D        | Gained mutation: Your body often deteriorates upon taking
                  | damage. [a neqoxec]
   235 | D        | Killed a neqoxec
   235 | D        | Reached *** piety under Trog
   235 | D        | Reached skill level 11 in Axes
   235 | D        | Reached XP level 8. HP: 42/57 MP: 8/8
   396 | D        | Noticed an orange crystal statue
   475 | D        | Reached **** piety under Trog
   475 | D        | Reached skill level 10 in Fighting
   480 | D        | Received a gift from Trog
   523 | D        | Found Wieluip's Jewellery Emporium.
   523 | D        | Found Qenar's Antique Armour Shoppe.
   523 | D        | Found Wegh's Book Emporium.
   523 | D        | Found Qetiarux's Antique Armour Shoppe.
   523 | D        | Found Mechow's Distillery.
   523 | D        | Found Pisoxo's Gadget Emporium.
   524 | D        | Found Uregeabb's Magic Scroll Shoppe.
   524 | D        | Found Mylan's Assorted Antiques.
   524 | D        | Found Zoajaysh's Food Shoppe.
   524 | D        | Found Osusoogurgh's Food Shoppe.
   524 | D        | Found Juehuxon's Distillery.
   525 | D        | Found Pijuusm's Distillery.
   525 | D        | Found Voczysisk's Jewellery Emporium.
   525 | D        | Noticed a hell hog
   526 | D        | Found Rekuez's Antique Weapon Shoppe.
   526 | D        | Found Japse's Antique Armour Emporium.
   526 | D        | Noticed a hell hog
   527 | D        | Noticed Menkaure
   527 | D        | Noticed an oklob plant
   527 | D        | Noticed a great orb of eyes
   528 | D        | Found Emapruc's Book Shoppe.
   542 | D        | Killed Menkaure
   542 | D        | Reached skill level 10 in Armour
   548 | D        | Noticed a hippogriff
   548 | D        | Noticed a hippogriff
   549 | D        | Bought a bloodstained cloak for 237 gold pieces
   549 | D        | Noticed a hippogriff
   551 | D        | Bought a pair of crude boots for 199 gold pieces
   561 | D        | Bought a runed chain mail for 187 gold pieces
   567 | D        | Bought a pair of glowing gloves for 195 gold pieces
   602 | D        | Identified the +0 pair of boots "Pebb" {-Tele rPois rC++
                  | Int+3} (You bought it in a shop in the Dungeon)
   607 | D        | Identified the +0 cloak of the Lotus Blossom {rN++ MR-
                  | Regen+ MP+9} (You bought it in a shop in the Dungeon)
   669 | D        | Found a blossoming altar of Fedhas.
   670 | D        | Found a white marble altar of Elyvilon.
   671 | D        | Found a shadowy altar of Dithmenos.
   671 | D        | Found a corrupted altar of Lugonu.
   671 | D        | Found an opulent altar of Gozag.
   671 | D        | Found a burning altar of Makhleb.
   672 | D        | Found a snail-covered altar of Cheibriados.
   672 | D        | Found an ancient bone altar of Kikubaaqudgha.
   672 | D        | Found a bloodstained altar of Trog.
   673 | D        | Found a roughly hewn altar of Beogh.
   673 | D        | Found a viscous altar of Jiyva.
   673 | D        | Found a deep blue altar of Sif Muna.
   674 | D        | Found a hazy altar of Hepliaklqana.
   674 | D        | Found a sacrificial altar of Ru.
   675 | D        | Found a stormy altar of Qazlal.
   675 | D        | Found an ornate altar of the Wu Jian Council.
   676 | D        | Noticed a yaktaur
   676 | D        | Noticed a hornet
   676 | D        | Noticed a polar bear
   676 | D        | Noticed a polar bear
   676 | D        | Noticed a polar bear
   686 | D        | Killed a polar bear
   686 | D        | Reached ***** piety under Trog
   686 | D        | Reached skill level 12 in Axes
   692 | D        | Killed a polar bear
   697 | D        | Killed a polar bear
   697 | D        | Reached XP level 9. HP: 64/64 MP: 9/9
   701 | D        | Killed a hornet
   701 | D        | Reached skill level 13 in Axes
   702 | D        | Killed a yaktaur
   702 | D        | Received a gift from Trog
   744 | D        | Found a shimmering altar of Xom.
   750 | D        | Noticed a kraken
  1090 | D        | Killed a kraken
  1090 | D        | Reached skill level 14 in Axes
  1090 | D        | Reached XP level 10. HP: 30/72 MP: 10/10
  1198 | D        | Found a glowing golden altar of the Shining One.
  1198 | D        | Found a basalt altar of Yredelemnul.
  1198 | D        | Found a hide-covered altar of Uskayaw.
  1204 | D        | Found a glowing silver altar of Zin.
  1204 | D        | Found a radiant altar of Vehumet.
  1223 | D        | Noticed a deep troll
  1223 | D        | Noticed a deep troll
  1231 | D        | Killed a deep troll
  1231 | D        | Reached skill level 15 in Axes
  1236 | D        | Killed a deep troll
  1291 | D        | Found a sparkling altar of Nemelex Xobeh.
  1292 | D        | Found an iron altar of Okawaru.
  1299 | D        | Identified Roxanne's Tome of Stones
  1299 | D        | Noticed Roxanne
  1304 | D        | Noticed a sixfirhy
  1368 | D        | Noticed a sixfirhy
  1389 | D        | HP: 2/73 [Roxanne/iron shot (17)]
  1390 | D        | Killed from afar by Roxanne

Skill      XL: |  1  2  3  4  5  6  7  8  9 10 |
---------------+-------------------------------+-----
Fighting       | 8 9 11 12 13 | 13.5
Axes           | 9 11 12 14 15 | 15.5
Armour         | 7 8 9 11 12 13 | 13.3
Dodging        | |  1.5

Action                   |  1- 3 |  4- 6 |  7- 9 | 10-12 || total
-------------------------+-------+-------+-------+-------++-------
Melee: Hand axe          |     7 |     2 |   107 |    47 ||   163
Invok: Berserk           |     1 |     1 |     2 |     2 ||     6
  Use: Scroll            |       |       |     9 |       ||     9
       Potion            |       |       |     1 |       ||     1
  Eat: Chunk             |       |       |     2 |     1 ||     3
       Ration            |       |       |     1 |       ||     1
Armor: Animal skin       |       |       |    10 |       ||    10
       Chain mail        |       |       |    56 |    18 ||    74
Dodge: Dodged            |     3 |       |    66 |    10 ||    79
